 Seeded DCSS version 0.28-a0-643-g84cb2ea78e (webtiles) character file.

Game seed: 20211010 (custom seed)

13 cheechan the Grasshopper (level 2, 0/19 HPs)
             Began as an Octopode Warper on Oct 10, 2021.
             Slain by a goblin (4 damage)
             ... led by Robin
             ... on level 1 of the Dungeon.
             The game lasted 00:03:31 (473 turns).

cheechan the Grasshopper (Octopode Warper)           Turns: 473, Time: 00:03:31

Health: 0/19       AC:  1    Str: 10    XL:     2   Next: 37%
Magic:  5/5        EV: 13    Int: 15    God:
Gold:   47         SH:  0    Dex: 11    Spells: 3/5 levels left

rFire   . . .      SeeInvis .   a - +0 short sword
rCold   . . .      Faith    .   (no shield)
rNeg    . . .      Spirit   .   (helmet restricted)
rPois   .          Reflect  .   (no amulet)
rElec   .          Harm     .   (no ring)
rCorr   .          Rampage  .   (no ring)
Will    .....                   (no ring)
Stlth   ++........              (no ring)
HPRegen 0.06/turn               (no ring)
MPRegen 0.09/turn               (no ring)
                                (no ring)
                                (no ring)

@: no status effects
A: almost no armour, amphibious, 8 rings, camouflage 1, gelatinous body 1,
(nimble swimmer 1), tentacles
a: no special abilities


You were on level 1 of the Dungeon.
You visited 1 branch of the dungeon, and saw 2 of its levels.

You collected 47 gold pieces.

Inventory:

Hand Weapons
 a - a +0 short sword (weapon)
 d - a +0 great sword
 f - a +0 spear
Missiles
 c - 5 boomerangs of dispersal (quivered)
 e - 26 stones
Scrolls
 b - a scroll of blinking
 h - a scroll of enchant weapon {unknown}
Potions
 g - a potion of curing


   Skills:
 + Level 2.0 Fighting
 + Level 2.0 Short Blades
 + Level 1.0 Throwing
 + Level 2.4 Dodging
 + Level 2.3 Spellcasting
 + Level 3.3 Translocations


You had 3 spell levels left.
You knew the following spells:

 Your Spells              Type           Power      Damage    Failure   Level
a - Blink                 Tloc           N/A        N/A       9%          2

Your spell library contained the following spells:

 Spells                   Type           Power      Damage    Failure   Level
 Gell's Gravitas          Tloc           5%         N/A       16%         3
 Lesser Beckoning         Tloc           11%        N/A       16%         3
 Teleport Other           Tloc           11%        N/A       16%         3
 Manifold Assault         Tloc           11%        N/A       83%         5


Dungeon Overview and Level Annotations

Branches:
Dungeon (2/15)

Altars:
Dithmenos

Annotations:
D:2 Robin


Innate Abilities, Weirdness & Mutations

You cannot wear most types of armour.
You are amphibious.
You can wear up to eight rings at the same time.
Your skin changes colour to match your surroundings (Stealth+).
Your rubbery body absorbs attacks. (AC +1, EV +1)
((You are camouflaged near water. (Stealth+)))
You have tentacles for arms and can constrict up to eight enemies at once.


Message History

Found a fuming silvery potion.
You completely miss the goblin. You grab the goblin.
You constrict the goblin, but do no damage.
The goblin escapes!
You hit the goblin. Your grab misses the goblin.
The goblin is severely wounded.
The goblin barely misses you. The goblin closely misses you.
A goblin comes into view. It is wielding a +0 club.
The goblin shouts!
You hit the goblin. Your grab misses the goblin.
The goblin is heavily wounded.
The goblin misses you. Robin throws the goblin at you!
Found a dark potion.
Found a stone staircase leading up.
The goblin misses you. The goblin closely misses you.
There is a stone staircase leading up here.
The goblin hits you with a +0 dagger.
* * * LOW HITPOINT WARNING * * *
The goblin barely misses you.
Robin says, "Feeling lonely?"
You climb upwards.
Found 11 gold pieces.
There is a stone staircase leading down here.
You hit the goblin.
You kill the goblin!
The goblin closely misses you.
You hit the giant cockroach. You grab the giant cockroach.
The giant cockroach is almost dead.
You constrict the giant cockroach.
You kill the giant cockroach!
The goblin hits you with a +0 dagger.
* * * LOW HITPOINT WARNING * * *
You barely miss the goblin. Your grab misses the goblin.
The goblin barely misses you.
You hit the goblin. Your grab misses the goblin.
The goblin is heavily wounded.
The goblin hits you but does no damage.
You barely miss the goblin. Your grab misses the goblin.
The goblin is heavily wounded.
The goblin hits you with a +0 dagger.
You die...

.....#
###..# # ###
..# #.# #.#
#.# #@# #g#
#......)...#
#.#####.####
#.# #.# #.#
#.# K.#


You could see a goblin.

Vanquished Creatures
  2 dart slugs
  A bat (D:1)
  A giant cockroach (D:1)
  2 goblins
  A frilled lizard (D:1)
  A kobold (D:2)
  A rat (D:1)
9 creatures vanquished.

Notes
Turn   | Place    | Note
-------+----------+-------------------------------------------
     0 | D:1      | cheechan the Octopode Warper began the quest for the Orb.
     0 | D:1      | Reached XP level 1. HP: 14/14 MP: 3/3
   400 | D:1      | You fall into a shaft and drop 1 floor!
   400 | D:2      | Found a shadowy altar of Dithmenos.
   406 | D:2      | Reached XP level 2. HP: 19/19 MP: 5/5
   415 | D:2      | Learned a level 2 spell: Blink
   459 | D:2      | Noticed Robin
   473 | D:1      | Slain by a goblin

Illustrated notes

Levels and vault maps discovered:
D:1:      lightli_arrival_boilingwater, layout_loops_ring,
          shapermc_ecumenical_altar_hornbeckon
D:2:      layout_rooms, basic_altar, uniq_robin, uniq_sigmund

Action                   || total
-------------------------++-------
Melee: Short sword       ||    27
       Constrict         ||     9
       Tentacles         ||     4
  Use: Scroll            ||     4
 Stab: Sleeping          ||     1
Armor: Skin              ||     3
Dodge: Dodged            ||    21

Table legend: (Time is in decaauts)
 A = Elapsed time spent in this place.
 B = Non-inter-level travel time spent in this place.
 C = Inter-level travel time spent in this place.
 D = Time resting spent in this place.
 E = Time spent auto-exploring this place.
 F = Levels seen in this place.
 G = Mean time per level.
                   A        B        C        D        E       F      G
               +--------+--------+--------+--------+--------+-----+--------+
         Total |    473 |    473 |      0 |    100 |      0 |   2 |  236.5 |
       Dungeon |    473 |    473 |      0 |    100 |      0 |   2 |  236.5 |
               +--------+--------+--------+--------+--------+-----+--------+

Top non-repeatable levels by time:
     D:1: 406 daAuts
     D:2: 66 daAuts
